 Dungeon Crawl Stone Soup version 0.28.0-47-ge53b351184 (webtiles) character file.

Game seed: 18142041116467891598

36 nickcage the Grasshopper (level 3, -1/16 HPs)
             Began as a Felid Warper on May 10, 2022.
             Slain by a goblin
             ... wielding a +0 club
             ... led by Robin
              (2 damage)
             ... on level 2 of the Dungeon.
             The game lasted 00:05:45 (1767 turns).

nickcage the Grasshopper (Felid Warper)             Turns: 1767, Time: 00:05:46

Health: -1/16      AC:  1    Str:  7    XL:     3   Next: 19%
Magic:  5/7        EV: 17    Int: 16    God:
Gold:   81         SH:  0    Dex: 15    Spells: 1/6 levels left
                                        Lives:  0   Deaths: 0

rFire   . . .      SeeInvis +     - Unarmed
rCold   . . .      Faith    .   (shield unavailable)
rNeg    . . .      Spirit   .   (armour unavailable)
rPois   .          Reflect  .   (helmet unavailable)
rElec   .          Harm     .   (cloak unavailable)
rCorr   .          Rampage  .   (gloves unavailable)
Will    .....                   (boots unavailable)
Stlth   +.........              (no amulet)
HPRegen 0.05/turn               (no ring)
MPRegen 0.10/turn               (no ring)

@: on blink cooldown, quick
A: very small, claws 1, fangs 3, see invisible, speed 1, shaggy fur 1, stealthy
paws, no weapons or thrown items, no armour, multi-lived
a: no special abilities


You were on level 2 of the Dungeon.
You visited 1 branch of the dungeon, and saw 2 of its levels.

You collected 81 gold pieces.

Inventory:

Scrolls
 a - a scroll of blinking
 d - a scroll of enchant armour {unknown}
 e - 2 scrolls of identify {unknown}
Potions
 b - a potion of haste {unknown}
 c - a potion of degeneration {unknown}


   Skills:
 - Level 2.0 Fighting
 - Level 3.2 Dodging
 - Level 2.0 Unarmed Combat
 + Level 2.4 Spellcasting
 + Level 5.8 Translocations


You had one spell level left.
You knew the following spells:

 Your Spells              Type           Power      Damage    Failure   Level
a - Blink                 Tloc           40%        N/A       2%          2
b - Gell's Gravitas       Tloc           20%        N/A       5%          3

Your spell library contained the following spells:

 Spells                   Type           Power      Damage    Failure   Level
 Lesser Beckoning         Tloc           20%        N/A       5%          3
 Teleport Other           Tloc           20%        N/A       5%          3
 Manifold Assault         Tloc           20%        N/A       45%         5


Dungeon Overview and Level Annotations

Branches:
Dungeon (2/15)

Altars:
Trog

Annotations:
D:2 Robin


Innate Abilities, Weirdness & Mutations

You have sharp claws.
You have razor-sharp teeth.
You have supernaturally acute eyesight. (SInv)
You cover ground quickly. (Speed+)
You are covered in fur. (AC +1)
Your paws help you pounce on unaware monsters.
You are incapable of wielding weapons or throwing items.
You cannot wear armour.
You gain extra lives every three experience levels.


Message History

You kill the goblin!
No target in view!
A goblin comes into view.
It is wielding a +0 dagger. 3 goblins come into view.
The goblin shouts! x2; You hear a shout! x2
A goblin comes into view. It is wielding a +0 dagger.
You hear a shout!
The goblin shouts! x2
Things that are here:
a +0 club; a goblin corpse You scratch the goblin.
The goblin is severely wounded.
You hear a shout! x2
A goblin comes into view. It is wielding a +0 dagger.
A goblin comes into view. It is wielding a +0 club.
The goblin closely misses you.
You scratch the goblin but do no damage.
The goblin is severely wounded.
The goblin misses you.
You barely miss the goblin. Your bite misses the goblin.
The goblin is severely wounded.
Robin of the Strong Arm comes into view.
They are wielding a +0 dagger.
A hobgoblin comes into view.
The goblin hits you but does no damage.
You barely miss the goblin. Your bite misses the goblin.
The goblin is severely wounded.
The goblin misses you.
You scratch the goblin.
You kill the goblin!
You blink.
A goblin comes into view. It is wielding a +0 club.
Found an escape hatch in the floor.
Robin throws the goblin at you! The goblin misses you. x2
You are still too unstable to blink.
Robin throws the goblin at you! The goblin closely misses you.
The goblin misses you.
You miss the goblin. The goblin hits you with a +0 dagger.
The goblin hits you with a +0 club. x2
* * * LOW HITPOINT WARNING * * *
The goblin hits you with a +0 club.
You die...

.## ..# ..#
# #.#
#.###.###.#.
#...........
####..gg###
....>.gg@g.+
#####.ggg###
#.g....#
#)##....
#ยง#######
#)# #.. ..
#.# #.#
#.#.#### #.#
#.# #.#....
#.#
#.####.#..#


You could see Robin, a hobgoblin and 7 goblins.

Vanquished Creatures
  2 ball pythons
  3 bats (D:1)
  4 endoplasms (D:1)
  3 giant cockroaches (D:1)
  5 goblins
  4 hobgoblins (D:1)
  2 quokkas (D:1)
  2 frilled lizards (D:1)
  4 kobolds (D:1)
  A rat (D:1)
30 creatures vanquished.

Notes
Turn   | Place    | Note
-------+----------+-------------------------------------------
     0 | D:1      | nickcage the Felid Warper began the quest for the Orb.
     0 | D:1      | Reached XP level 1. HP: 9/9 MP: 4/4
   446 | D:1      | You fall into a shaft and drop 1 floor!
   465 | D:2      | Found a faded altar of an unknown god.
   483 | D:2      | Found a bloodstained altar of Trog.
   530 | D:2      | Reached skill level 5 in Translocations
   530 | D:2      | Reached XP level 2. HP: 9/13 MP: 6/6
   535 | D:2      | Learned a level 2 spell: Blink
  1467 | D:1      | Reached XP level 3. HP: 16/16 MP: 7/7
  1471 | D:1      | Learned a level 3 spell: Gell's Gravitas
  1762 | D:2      | Noticed Robin
  1767 | D:2      | Slain by a goblin

Illustrated notes

Levels and vault maps discovered:
D:1:      evilmike_arrival_hilbert_curve, layout_basic, minmay_splitting_lines
D:2:      layout_loops_corners, basic_altar,
          hellmonk_ecumenical_altar_crossroads, uniq_robin

Skill      XL: |  1 |
---------------+----+-----
Translocations | 5 |  5.8
Fighting       | |  2.0
Dodging        | |  3.2
Unarmed Combat | |  2.0
Spellcasting   | |  2.4

Action                   || total
-------------------------++-------
Melee: Unarmed           ||    85
       Bite              ||     5
 Cast: Blink             ||     2
 Stab: Sleeping          ||     2
Armor: Skin              ||     7
Dodge: Dodged            ||    57
